Get step-by-step instructions on how to execute this build order below. Start the game timer, and the build order will tick by so you can play in parallel with StarCraft on a second screen or mobile device.

Game Time

  0:00

Last Step

  N/A

Next Step

Upcoming Step



Don't want to look back and forth between 2 screens? Try out our Overwolf App, the Spawning Tool Build Advisor to get an in-game overlay with this build!

Complete Build Order

  12  0:01  SCV  
  13  0:13  SCV  
  14  0:16  Supply Depot  
  14  0:25  SCV  
  15  0:38  SCV  
  15  0:39  Barracks  
  16  0:43  Refinery  
  16  0:50  SCV  
  17  1:02  SCV  
  18  1:14  SCV  
  19  1:26  Orbital Command  
  19  1:27  Reaper  
  20  1:48  Command Center  
  20  1:52  SCV  
  21  1:58  Supply Depot  
  21  1:59  Marine  
  22  2:10  Factory, SCV  
  23  2:20  Refinery  
  23  2:22  SCV  
  24  2:27  Barracks Reactor  
  24  2:40  SCV  
  25  2:55  SCV  
  26  3:02  Cyclone  
  26  3:03  Marine  
  26  3:04  Orbital Command, Marine  
  28  3:15  Barracks, SCV, Starport  
  31  3:32  SCV x2  
  31  3:44  SCV x2  
  31  3:46  Cyclone x2  
  37  3:51  Medivac  
  37  3:53  Barracks Reactor  
  39  3:56  Supply Depot  
  39  3:59  SCV x2  
  41  4:04  Barracks Tech Lab  
  41  4:12  SCV x2  
  43  4:18  Cyclone x2  
  48  4:30  Starport Reactor  
  48  4:32  SCV, Supply Depot  
  48  4:33  SCV  
  48  4:37  Engineering Bay  
  50  4:40  Marine  
  50  4:41  Marine x2, Refinery  
  50  4:42  Stimpack  
  50  4:45  SCV x2  
  54  4:48  Supply Depot  
  54  4:56  Widow Mine, Supply Depot  
  54  4:57  Widow Mine  
  54  4:58  Marine  
  54  4:59  SCV, Marine  
  61  5:00  SCV  
  62  5:09  Marine  
  62  5:11  Missile Turret  
  62  5:13  Supply Depot  
  63  5:16  Marine  
  63  5:17  Marine  
  65  5:24  Supply Depot  
  65  5:26  Viking  
  65  5:27  Viking  
  69  5:28  Marine  
  69  5:34  Terran Infantry Weapons Level 1  
  68  5:46  Marine  
  68  5:47  Marine  
  68  5:48  Widow Mine  
  68  5:49  Widow Mine  
  61  6:09  Marine x3  
  61  6:13  SCV x2  
  61  6:15  Barracks  
  61  6:16  Barracks  
  61  6:18  Command Center  
  61  6:19  Refinery  
  60  6:26  Combat Shield  
  60  6:27  SCV, Marine x2  
  60  6:28  SCV  
  60  6:30  Engineering Bay  
  64  6:34  Armory, Marine  
  64  6:36  Medivac  
  64  6:39  SCV  
  68  6:40  SCV  
  68  6:45  Marine  
  70  6:47  Supply Depot  
  70  6:51  Marine  
  70  6:52  Marauder, SCV x2, Missile Turret  
  75  6:57  Medivac  
  77  7:03  Barracks Tech Lab, Marine  
  77  7:04  SCV x2  
  80  7:12  Barracks Reactor  
  80  7:14  Marine x2  
  82  7:16  SCV x2  
  82  7:22  Marine x2  
  86  7:24  Viking  
  86  7:28  Terran Infantry Armor Level 1, SCV x2  
  86  7:29  Widow Mine x2  
  94  7:32  Marine  
  94  7:36  Marauder  
  97  7:40  Marine  
  98  7:45  Barracks, Concussive Shells  
  98  7:46  Barracks, Missile Turret, Marauder  
  100  7:55  Barracks  
  100  7:56  Marine x2  
  100  7:57  Marauder  
  108  7:58  Widow Mine x2  
  108  7:59  Marine  
  108  8:03  Orbital Command  
  108  8:05  Marine  
  110  8:07  Marauder  
  110  8:11  Terran Infantry Weapons Level 2  
  112  8:18  Marauder  
  116  8:20  Widow Mine  
  116  8:21  Marine  
  117  8:39  Supply Depot x2  
  117  8:42  Marine  
  117  8:44  Marine  
  117  8:46  Marine  
  117  8:47  Marauder  
  117  8:49  SCV x2  
  117  8:52  Marine, Marauder  
  117  8:57  Marine  
  117  8:58  Orbital Command, Medivac  
  117  9:00  Viking  
  118  9:07  Marine x2  
  118  9:08  Marauder  
  121  9:13  Marauder  
  121  9:17  Missile Turret, SCV x2  
  122  9:19  Marine  
  122  9:20  Barracks Tech Lab x2  
  122  9:21  Widow Mine x2  
  129  9:28  Viking  
  129  9:30  Marauder  
  133  9:32  Terran Infantry Armor Level 2  
  133  9:54  Marine x2  
  133  9:55  Barracks Tech Lab, Marauder x2  
  133  9:58  Missile Turret  
  139  10:00  Missile Turret  
  139  10:03  Missile Turret  
  139  10:04  SCV  
  140  10:08  Marauder  
  140  10:14  Marauder, Marine  
  145  10:16  SCV  
  145  10:20  Marauder  
  148  10:21  Missile Turret  
  148  10:24  Ghost Academy  
  148  10:28  Marauder  
  148  10:34  Supply Depot  
  146  10:36  Supply Depot  
  146  10:41  Marauder, Marine  
  149  10:56  Marauder, Medivac x2, Marine  
  156  10:58  Marauder x2  
  156  11:03  Orbital Command  
  161  11:04  Marauder x2, Marine x2  
  161  11:06  Marine  
  165  11:19  Marine  
  165  11:21  Supply Depot  
  165  11:23  Marauder  
  165  11:34  Marauder x2, Marine x2  
  165  11:42  Marauder x2  
  169  11:49  Ghost  
  171  11:55  Ghost  
  171  11:58  SCV  
  154  12:35  Marauder, Marine x2  
  154  12:36  Marauder x2, Marine  
  143  12:41  Marauder x2, Marine  
  146  12:47  Medivac x2  
  150  12:53  Marine  
  150  12:56  Ghost x3  
  152  13:03  Marauder x2, Marine  
  152  13:05  Orbital Command  
  144  13:06  SCV  
  144  13:17  Medivac x2  
  148  13:24  Marauder  
  150  13:34  Sensor Tower  
  150  13:47  Medivac x2  
  152  13:50  Command Center  
  152  13:51  SCV  
  152  13:52  SCV  
  154  14:01  Supply Depot  
  154  14:02  Bunker  
  154  14:03  Marine  
  154  14:07  SCV  
  106  14:36  Marauder x4, Marine x3  
  106  14:37  Marauder  
  108  14:39  Marine  
  86  14:53  Marine  
  86  14:57  Marauder x3  
  86  14:59  SCV x2  
  93  15:01  SCV  
  93  15:06  Ghost  
  95  15:08  Marauder, Marine  
  95  15:09  Marine  
  99  15:20  Marauder x2, Marine x2  
  99  15:21  Marauder  
  103  15:26  Marine  
  103  15:29  Viking, Ghost  
  103  15:35  Ghost  
  109  15:40  Ghost  
  109  15:41  Ghost x2  
  99  16:03  Viking x2  
  87  16:17  Marauder, Marine  
  87  16:18  Marauder  
  85  16:33  Viking, Medivac  
  85  16:35  SCV x2  
  91  16:46  Command Center  
  87  16:47  SCV x2  
  87  16:51  Marauder x2, Marine  
  87  16:52  Marauder x2